 Dungeon Crawl Stone Soup version 0.29-a0-986-gdf0a18e73c (webtiles) character file.

Game seed: 4319219350464981090

48107 Essalna the Brawler (level 14, -3/129 HPs)
             Began as a Green Draconian Transmuter on Aug 2, 2022.
             Was a High Priest of Ru.
             Slain by a white ugly thing (31 damage)
             ... on level 5 of the Lair of Beasts.
             The game lasted 00:41:28 (17654 turns).

Essalna the Brawler (Green Draconian Transmuter)   Turns: 17654, Time: 00:41:29

Health: -3/129     AC: 11    Str: 20    XL:     14   Next: 11%
Magic:  0/17       EV: 19    Int: 13    God:    Ru [*****.]
Gold:   887        SH:  0    Dex: 12    Spells: 9/17 levels left

rFire   . . .      SeeInvis .     - Unarmed
rCold   . . .      Faith    .   (no shield)
rNeg    . . .      Spirit   +   (body armour unavailable)
rPois   +          Reflect  .   (helmet currently unavailable)
rElec   .          Harm     .   y - +0 cloak
rCorr   .          Rampage  .   A - +1 pair of gloves
Will    +....                   (boots currently unavailable)
Stlth   +.........              n - amulet of guardian spirit
HPRegen 0.31/turn               t - ring "Souxiatsy" {Drain rPois EV+4 Str+7 Int-3}
MPRegen 0.15/turn               (no ring)

@: appendages, slowed, studying 2 skills, unable to drink, very slow
A: horns 2, talons 2, breathe noxious fumes, AC +8, unfitting armour, stinger 1,
dopey 1, poison resistance, cold-blooded, inability to drink while threatened 2,
hated by all, no hexes magic, no ice magic, no translocations magic
a: Breathe Noxious Fumes, End Transformation, Renounce Religion, Draw Out Power,
Power Leap, Apocalypse


You were on level 5 of the Lair of Beasts.
You worshipped Ru.
Ru was extremely pleased with you.
You had temporarily grown beastly horns and talons.
You visited 2 branches of the dungeon, and saw 13 of its levels.
You also visited: Bailey.

You collected 887 gold pieces.

Inventory:

Missiles
 H - a throwing net
Armour
 y - a +0 cloak (worn)
 A - a +1 pair of gloves (worn)
 F - a +2 hat (melded)
Magical Staves
 h - a staff of air
Jewellery
 n - an amulet of guardian spirit (around neck)
 t - the ring "Souxiatsy" (left hand) {Drain rPois EV+4 Str+7 Int-3}
   (You found it on level 4 of the Dungeon)

   [ring of evasion]

   EV:        It affects your evasion (+4).
   Str:       It affects your strength (+7).
   Int:       It affects your intelligence (-3).
   rPois:     It protects you from poison.
   Drain:     It drains your maximum health when unequipped.
Wands
 r - a wand of light (4)
 w - a wand of paralysis (9)
 B - a wand of flame (11)
 D - a wand of mindburst (4)
Scrolls
 c - 2 scrolls of enchant armour
 e - 3 scrolls of vulnerability
 f - 2 scrolls of amnesia
 g - 2 scrolls of fear
 i - 4 scrolls of teleportation
 o - 3 scrolls of poison
 q - 3 scrolls of magic mapping
 u - 7 scrolls of identify
 v - a scroll of butterflies
 E - a scroll of enchant weapon
 G - a scroll of blinking
Potions
 a - 3 potions of lignification
 b - 3 potions of curing
 d - 2 potions of flight
 j - 7 potions of attraction
 k - 3 potions of haste
 l - 2 potions of cancellation {unknown}
 m - 6 potions of brilliance {unknown}
 p - a potion of ambrosia {unknown}
 s - 2 potions of berserk rage
 x - 3 potions of heal wounds {unknown}
 z - a potion of magic {unknown}
 C - a potion of might {unknown}


   Skills:
 + Level 13.2 Fighting
 + Level 9.0 Dodging
 + Level 15.0 Unarmed Combat
 - Level 2.0 Spellcasting
 + Level 10.2 Transmutations
   Level 0.0 Ice Magic


You had 9 spell levels left.
You knew the following spells:

 Your Spells              Type           Power      Damage    Failure   Level
a - Beastly Appendage     Tmut           54%        N/A       1%          1
b - Ice Form              Ice/Tmut       14%        N/A       30%         4
c - Spider Form           Tmut/Pois      14%        N/A       10%         3

Your spell library contained the following spells:

 Spells                   Type           Power      Damage    Failure   Level
 Wereblood                Tmut           27%        N/A       1%          2
 Sting                    Tmut/Pois      56%        1d5       3%          1
 Passwall                 Tmut/Erth      11%        N/A       4%          2
 Poisonous Vapours        Pois/Air       2%         N/A       36%         2
 Sublimation of Blood     Necr           1%         N/A       36%         2
 Swiftness                Air            1%         N/A       58%         3
 Olgreb's Toxic Radiance  Pois           1%         N/A       94%         4
 Fireball                 Conj/Fire      0%         3d3       100%        5
 Iskenderun's Battlesphe  Conj           1%         2d6       100%        5
 Conjure Ball Lightning   Conj/Air       0%         3x3d6     100%        6
 Orb of Destruction       Conj           0%         9d5       100%        7
 Ensorcelled Hibernation  Hex/Ice        Unusable   N/A       N/A         2
 Summon Hydra             Summ           Unusable   N/A       N/A         7

Dungeon Overview and Level Annotations

Branches:
Dungeon (8/15)             Temple (0/1) D:4            Lair (5/5) D:8
  Swamp (0/4) Lair:3        Snake (0/4) Lair:2        Slime (0/5) Lair:4
 Bailey (visited)

Altars:
Makhleb
Qazlal
Ru
Sif Muna
Trog
Vehumet
Xom

Shops:
D:2 (   D:3 [   D:5 ([*?

Annotations:
D:6 2 transporters, petercordia's ghost, novice BaWn


Innate Abilities, Weirdness & Mutations

You have temporarily grown beastly horns and talons.
You can breathe blasts of noxious fumes.
Your lurid green scales are hard. (AC +8)
You cannot fit into any form of body armour.
Your tail ends in a venomous barb.
You are dopey. (Int -2)
Your system is resistant to poisons. (rPois)
You are cold-blooded and may be slowed by cold attacks.
You sometimes lose the ability to drink potions when taking damage.
You are hated by all.
You cannot study or cast Hexes magic.
You cannot study or cast Ice magic.
You cannot study or cast Translocations magic.


Message History

Your tail-slap misses the white ugly thing.
The white ugly thing is lightly wounded.
The white ugly thing misses you.
You hit the white ugly thing.
You headbutt the white ugly thing, but do no damage.
The white ugly thing is lightly wounded.
The large abomination hits you!!
You feel threatened and lose the ability to drink potions!
You are too injured to fight recklessly!
You are too injured to fight recklessly!
You are too injured to fight recklessly!
You hit the white ugly thing but do no damage.
You claw the white ugly thing!
Your tail-slap misses the white ugly thing.
The white ugly thing is moderately wounded.
The white ugly thing kicks you but does no damage.
The large abomination misses you.
You hit the white ugly thing but do no damage.
You claw the white ugly thing, but do no damage.
You headbutt the white ugly thing.
The white ugly thing is moderately wounded.
The white ugly thing kicks you. The white ugly thing freezes you!
You feel yourself slow down.
You focus your inner power and illuminate the white ugly thing in retribution!
The large abomination completely misses you.
You barely miss the white ugly thing. Your kick misses the white ugly thing.
The white ugly thing is moderately wounded.
The thrashing horror begins to attack, but is stunned by your conviction!
The white ugly thing kicks you! The white ugly thing freezes you!!
* * * LOW HITPOINT WARNING * * *
The large abomination completely misses you.
You punch the white ugly thing! You claw the white ugly thing!
You headbutt the white ugly thing!
The white ugly thing is severely wounded.
You feel yourself speed up.
The large abomination is stunned by your conviction and fails to attack.
The white ugly thing kicks you!
* * * LOW HITPOINT WARNING * * *
The white ugly thing freezes you!!
You feel yourself slow down.
You die...

♣..♣ ♣♣..♣♣♣♣ ♣##.#...........
♣..♣♣♣....♣.♣♣♣♣..........#....
♣♣...♣..♣♣.....♣♣..........#.###
♣.......♣♣♣....♣♣♣♣#........## #
♣...♣...♣ ♣♣♣..♣ ♣#.........###
♣♣.♣♣♣.♣♣ ♣♣.♣♣♣♣..........##.
♣♣.♣ ..♣♣ ♣♣...♣♣♣........##..
♣..♣♣♣..♣ ♣..♣.♣♣♣♣...........
♣.♣♣ ♣..♣♣ ♣.♣@u.♣ ♣...........
♣.♣♣ ♣♣..♣ ♣.÷♣X.♣♣♣...........
♣..♣♣♣♣.♣♣ ♣♣. .÷♣♣.........###
♣[..♣♣..♣ ♣. ♣.♣♣........##.#
♣♣.)♣♣..♣ ♣. ♣♣♣.....<..#..#
♣...†.♣♣ .. ♣♣♣............
♣....♣♣ .. ♣..............
♣♣...♣♣ ♣♣ ♣...........#P.
♣....♣ ♣.........#####


You could see a white ugly thing (corona) and a large abomination.

Vanquished Creatures
  Gastronok (Lair:3)
  A boulder beetle (Lair:4)
  6 hydras
  Pikel (D:5)
  2 ugly things (Lair:5)
  A salamander (shapeshifter) (Lair:5)
  A cyclops (D:7)
  12 elephants
  7 cane toads
  4 black mambas
  Maggie (Lair:1)
  2 smoke demons (Lair:5)
  A rime drake (Lair:4)
  4 komodo dragons
  An ancient zyme (Lair:5)
  2 hornets
  A polar bear (Lair:5)
  24 blink frogs
  A ynoxinul (Lair:5)
  36 yaks
  A spriggan (Lair:5)
  4 wyverns
  6 vampire mosquitoes
  3 basilisks
  2 chaos spawn (Lair:5)
  4 nagas (Lair:2)
  Menkaure (D:5)
  Edmund (D:6)
  10 water moccasins
  4 orc warriors
  2 black bears
  2 ogres
  5 wolves (Lair:4)
  A centaur (D:6)
  3 lemures (D:5)
  4 kobold brigands
  14 bullfrogs
  A gnoll sergeant (D:6)
  A necrophage (D:6)
  2 scorpions
  13 wights
  10 small abominations (Lair:5)
  3 killer bees (D:7)
  2 electric eels
  2 howler monkeys (D:8)
  5 hounds
  3 jellies
  Crazy Yiuf (D:5)
  A gnoll bouda (D:4)
  Natasha (thrice) (D:3)
  3 iguanas
  2 orc wizards
  10 adders
  17 gnolls
  2 shadow imps
  A dart slug (D:1)
  27 orcs
  6 bats
  5 endoplasms
  2 giant cockroaches
  6 goblins
  8 hobgoblins
  4 jackals (D:4)
  22 kobolds
  3 quokkas
  9 ball pythons
  2 frilled lizards
  3 rats
355 creatures vanquished.

Vanquished Creatures (others)
  15 fungi
  16 plants
31 creatures vanquished.

Grand Total: 386 creatures vanquished

Notes
Turn   | Place    | Note
-------+----------+-------------------------------------------
     0 | D:1      | Essalna the Draconian Transmuter began the quest for the
                  | Orb.
     0 | D:1      | Reached XP level 1. HP: 16/16 MP: 3/3
   634 | D:1      | Reached XP level 2. HP: 16/23 MP: 3/5
  1196 | D:1      | Found a faded altar of an unknown god.
  1430 | D:2      | Reached XP level 3. HP: 29/29 MP: 4/6
  1615 | D:2      | Identified the +2 leather armour of Recklessness {Will+}
  1653 | D:2      | Found Kunovadd's Antique Weapon Boutique.
  1822 | D:3      | Noticed Natasha
  1848 | D:3      | Killed Natasha
  1849 | D:3      | Reached XP level 4. HP: 32/37 MP: 4/7
  1910 | D:3      | Learned a level 4 spell: Ice Form
  1911 | D:3      | Noticed Natasha
  1941 | D:3      | Killed Natasha
  2082 | D:3      | Found Cuvolan's Armour Boutique.
  2173 | D:3      | Found a stormy altar of Qazlal.
  2301 | D:3      | Noticed Natasha
  2310 | D:3      | Killed Natasha
  2311 | D:3      | Reached skill level 4 in Unarmed Combat
  2311 | D:3      | Reached skill level 1 in Ice Magic
  2311 | D:3      | Reached XP level 5. HP: 44/45 MP: 5/8
  2505 | D:3      | Found a radiant altar of Vehumet.
  2759 | D:4      | HP: 3/67 [something (1)]
  3169 | D:4      | Found a staircase to the Ecumenical Temple.
  3274 | D:4      | Identified the ring "Souxiatsy" {Drain rPois EV+4 Str+7
                  | Int-3}
  3716 | D:4      | Reached XP level 6. HP: 41/51 MP: 6/9
  4187 | D:5      | Entered Level 5 of the Dungeon
  4228 | D:5      | Found a burning altar of Makhleb.
  4234 | D:5      | Found a bloodstained altar of Trog.
  4243 | D:5      | Found a sacrificial altar of Ru.
  4260 | D:5      | Became a worshipper of Ru the Awakened
  4283 | D:5      | Found Vijuthor's Weapon Boutique.
  4363 | D:5      | Your scales start taking on a lurid green colour.
  4363 | D:5      | Reached XP level 7. HP: 59/59 MP: 10/10
  4363 | D:5      | Gained mutation: Your system is resistant to poisons.
                  | (rPois) [Green Draconian growth]
  4363 | D:5      | Noticed Pikel
  4479 | D:5      | Found Qeygh's Armour Emporium.
  4491 | D:5      | Found Yxkacuphe's General Store.
  4551 | D:5      | Found a runed translucent door.
  4552 | D:5      | Noticed Crazy Yiuf
  4592 | D:5      | Found Rosyg's Magic Scroll Shoppe.
  4628 | D:5      | Noticed Menkaure
  4633 | D:5      | Killed Menkaure
  4634 | D:5      | Reached skill level 5 in Unarmed Combat
  4839 | D:5      | Killed Pikel
  4840 | D:5      | Reached skill level 5 in Fighting
  4840 | D:5      | Reached skill level 5 in Transmutations
  4840 | D:5      | Reached XP level 8. HP: 24/68 MP: 2/11
  5117 | D:5      | Killed Crazy Yiuf
  5465 | D:6      | Found a transporter.
  5469 | D:6      | Noticed petercordia's ghost (novice BaWn)
  5486 | D:6      | Found a transporter.
  5540 | D:6      | Noticed Edmund
  5552 | D:6      | Killed Edmund
  5647 | D:6      | Reached skill level 6 in Unarmed Combat
  6084 | D:6      | Reached XP level 9. HP: 52/75 MP: 2/12
  6100 | D:6      | Gained mutation: You are hated by all. [Ru sacrifice]
  6100 | D:6      | Reached * piety under Ru
  6393 | D:6      | Reached skill level 5 in Ice Magic
  6843 | D:7      | Noticed a cyclops
  6960 | D:7      | Killed a cyclops
  6961 | D:7      | Reached skill level 5 in Dodging
  7089 | D:7      | Reached skill level 7 in Unarmed Combat
  7120 | D:7      | Found a shimmering altar of Xom.
  7805 | D:7      | Found a shimmering blue altar of Sif Muna.
  7945 | D:8      | Found a flagged portal.
  7969 | D:8      | Reached XP level 10. HP: 66/86 MP: 11/13
  7986 | Bailey   | Entered a bailey
  8209 | Bailey   | Noticed an orc warlord
  8406 | Bailey   | Found a runed translucent gate.
  8409 | Bailey   | Reached skill level 10 in Fighting
  8409 | Bailey   | Reached skill level 10 in Unarmed Combat
  8409 | Bailey   | Reached XP level 11. HP: 101/101 MP: 14/14
  8410 | Bailey   | Found a runed translucent gate.
  8412 | Bailey   | Found a runed translucent gate.
  8421 | Bailey   | Identified the +11 long sword of the End of Times {drain,
                  | rPois MP-9 Int+3}
  8549 | Bailey   | Learned a level 3 spell: Spider Form
  8635 | D:8      | Reached skill level 13 in Unarmed Combat
  8635 | D:8      | Reached XP level 12. HP: 23/92 MP: 8/15
  9258 | D:8      | Gained mutation: You occasionally lose the ability to drink
                  | potions when taking damage. [Ru sacrifice]
  9258 | D:8      | Gained mutation: You sometimes lose the ability to drink
                  | potions when taking damage. [Ru sacrifice]
  9258 | D:8      | Reached ** piety under Ru
  9258 | D:8      | Reached *** piety under Ru
  9697 | D:8      | Found a staircase to the Lair.
 10103 | Lair:1   | Entered Level 1 of the Lair of Beasts
 10697 | Lair:1   | Noticed a five-headed hydra
 10702 | Lair:1   | Killed a five-headed hydra
 11039 | Lair:1   | Noticed Maggie
 11055 | Lair:1   | Killed Maggie
 11635 | Lair:2   | Found a staircase to the Snake Pit.
 11841 | Lair:2   | Reached skill level 14 in Unarmed Combat
 11866 | Lair:2   | Reached XP level 13. HP: 82/117 MP: 6/16
 12156 | Lair:2   | Gained mutation: You are dopey. (Int -2) [Ru sacrifice]
 12792 | Lair:3   | Noticed Gastronok
 12805 | Lair:3   | Killed Gastronok
 12880 | Lair:3   | Identified the +10 mace of Righteous Anger {flame, rF+
                  | Dex+3}
 12913 | Lair:3   | Found a staircase to the Swamp.
 14284 | Lair:4   | Gained mutation: You cannot study or cast Ice magic. [Ru
                  | sacrifice]
 14284 | Lair:4   | Gained mutation: You cannot study or cast Hexes magic. [Ru
                  | sacrifice]
 14284 | Lair:4   | Gained mutation: You cannot study or cast Translocations
                  | magic. [Ru sacrifice]
 14284 | Lair:4   | Reached **** piety under Ru
 14284 | Lair:4   | Reached ***** piety under Ru
 14400 | Lair:4   | Identified the +0 hat of Lugonu's Favour {rElec}
 14430 | Lair:4   | Found a staircase to the Slime Pits.
 15684 | Lair:5   | Entered Level 5 of the Lair of Beasts
 16353 | Lair:5   | Reached skill level 10 in Transmutations
 17025 | Lair:5   | Gained mutation: Your tail ends in a venomous barb. [Green
                  | Draconian growth]
 17025 | Lair:5   | Reached XP level 14. HP: 79/129 MP: 11/17
 17519 | Lair:5   | Reached skill level 15 in Unarmed Combat
 17654 | Lair:5   | Slain by a white ugly thing

Illustrated notes

Levels and vault maps discovered:
D:1:      amcnicky_arrival_single_pillar, layout_basic,
          dreamdust_ecumenical_altar_sealed_demon
D:2:      layout_rooms, serial_shops, nicolae_shop_behind_doors,
          amethyst_killhole
D:3:      layout_basic, lemuel_coloured_pillars_altar,
          mainiacjoe_overflow_tiny_flanked, serial_shops, shop, uniq_natasha
D:4:      layout_loops_corners, minmay_temple_entry_from_below_a
D:5:      layout_rooms, grunt_temple_overflow_open, serial_shops, shop,
          nicolae_shop_advertising_works [nicolae_subvault_shop_adworks],
          nicolae_shop_hallway_stairs, shop, uniq_crazy_yiuf_cottage,
          uniq_menkaure, uniq_pikel
D:6:      layout_loops_ring, gammafunk_ghost_stat_death, uniq_edmund
D:7:      layout_basic, xom_confusion_cloud, led_sif_pool, minmay_manual_mess
D:8:      layout_basic, lair_entry_dummy, enter_bailey_6
Lair:1:   layout_concentric_octagons, serial_bayou_pond_e, minmay_holes,
          grunt_megastairs_1, uniq_maggie
Lair:2:   layout_long_grid, minmay_snake_entry_guardpost_small
Lair:3:   layout_chaotic_city, minmay_swamp_entry_swarm, uniq_gastronok
Lair:4:   layout_cave_shapes, slime_entry_1, nzn_sisyphean_effort,
          grunt_megastairs_3, infiniplex_staircase_pool
Lair:5:   hellmonk_lair_end_abyssal_woods, layout_gridlike, ldierk_geyser,
          gammafunk_lair_bear_cave, serial_bayou_shore_b

Skill      XL: |  1  2  3  4  5  6  7  8  9 10 11 12 13 14 |
---------------+-------------------------------------------+-----
Fighting       | 2 3 4 5 6 7 10 11 13 | 13.2
Transmutations | 3 4 5 6 7 8 10 | 10.2
Unarmed Combat | 4 5 6 7 10 13 14 15 | 15.0
Ice Magic      | 1 2 3 4 6 7 0 |  0.0
Dodging        | 2 3 4 5 7 8 9 |  9.0
Spellcasting   | |  2.0

Action                   |  1- 3 |  4- 6 |  7- 9 | 10-12 | 13-15 || total
-------------------------+-------+-------+-------+-------+-------++-------
Melee: Unarmed           |    88 |   192 |   265 |   266 |   364 ||  1175
       Kick              |    16 |    37 |    52 |     1 |    79 ||   185
       Headbutt          |    11 |    33 |    33 |     1 |    51 ||   129
       Tailslap          |     4 |    14 |    26 |     6 |    29 ||    79
       Punch             |     2 |     5 |     4 |       |    17 ||    28
 Cast: Beastly Appendage |    21 |    27 |    31 |     2 |    27 ||   108
       Ice Form          |       |       |     7 |    29 |    18 ||    54
       Spider Form       |       |       |       |     1 |     6 ||     7
Invok: Sacrifice Love    |       |       |     1 |       |       ||     1
       Sacrifice Drink   |       |       |       |     1 |       ||     1
       Sacrifice Purity  |       |       |       |       |     1 ||     1
       Sacrifice Arcana  |       |       |       |       |     1 ||     1
 Abil: Breathe Noxious F |       |       |     6 |     2 |     1 ||     9
       End Transformatio |       |       |     1 |       |       ||     1
Evoke: Wand              |       |     2 |     4 |     6 |       ||    12
  Use: Potion            |       |     1 |     1 |     3 |       ||     5
       Scroll            |       |       |    12 |     5 |       ||    17
 Stab: Sleeping          |     1 |     1 |       |       |       ||     2
       Paralysed         |       |     3 |       |       |     1 ||     4
       Confused          |       |       |     6 |     2 |       ||     8
       Distracted        |       |       |     1 |     1 |     1 ||     3
       Invisible         |       |       |       |     2 |     3 ||     5
Armor: Skin              |    23 |    44 |    44 |    36 |    50 ||   197
Dodge: Dodged            |    65 |   100 |   188 |   153 |   268 ||   774

Table legend: (Time is in decaauts)
 A = Elapsed time spent in this place.
 B = Non-inter-level travel time spent in this place.
 C = Inter-level travel time spent in this place.
 D = Time resting spent in this place.
 E = Time spent auto-exploring this place.
 F = Levels seen in this place.
 G = Mean time per level.
                   A        B        C        D        E       F      G
               +--------+--------+--------+--------+--------+-----+--------+
         Total |  17490 |  17004 |    486 |    635 |  13729 |  14 | 1249.3 |
       Dungeon |   9439 |   9095 |    344 |     15 |   7747 |   8 | 1179.9 |
          Lair |   7419 |   7277 |    142 |    620 |   5574 |   5 | 1483.8 |
        Bailey |    631 |    631 |      0 |      0 |    407 |   1 |  631.0 |
               +--------+--------+--------+--------+--------+-----+--------+

Top non-repeatable levels by time:
  Lair:5: 1931 daAuts
     D:4: 1614 daAuts
     D:6: 1576 daAuts
     D:8: 1558 daAuts
  Lair:3: 1507 daAuts
  Lair:1: 1379 daAuts
  Lair:4: 1353 daAuts
  Lair:2: 1248 daAuts
     D:1: 1228 daAuts
     D:7: 1115 daAuts
     D:5: 990 daAuts
     D:3: 760 daAuts
  Bailey: 631 daAuts
     D:2: 596 daAuts
